 Dungeon Crawl Stone Soup version 0.21.1-1-g345015fe64 (webtiles) character file.

105 ImError the Charlatan (level 5, -2/35 HPs)
             Began as a Halfling Artificer on June 8, 2018.
             Killed by nerve-wracking pain
             ... invoked by an orc priest
              (12 damage)
             ... on level 3 of the Dungeon.
             The game lasted 00:07:37 (3218 turns).

ImError the Charlatan (Halfling Artificer)          Turns: 3218, Time: 00:07:38

Health: -2/35      AC:  3    Str: 13    XL:     5   Next: 8%
Magic:  7/7        EV: 16    Int:  9    God:
Gold:   80         SH:  0    Dex: 16    Spells: 4/4 levels left

rFire    . . .     SeeInvis .   j - +0 hand axe
rCold    . . .     Gourm    .   (shield restricted)
rNeg     . . .     Faith    .   b - +0 leather armour
rPois    .         Spirit   .   (no helmet)
rElec    .         Reflect  .   (no cloak)
rCorr    .         Harm     .   (no gloves)
MR       .....                  (no boots)
Stlth    ++........             (no amulet)
HPRegen  0.11/turn              (no ring)
MPRegen  0.10/turn              (no ring)

@: no status effects
A: small, mutation resistance 1
a: no special abilities


You were on level 3 of the Dungeon.
You were hungry.

You visited 1 branch of the dungeon, and saw 3 of its levels.

You collected 80 gold pieces.

Inventory:

Hand Weapons
 a - a +0 short sword
 j - a +0 hand axe (weapon)
Missiles
 k - 14 stones (quivered)
Armour
 b - a +0 leather armour (worn)
Wands
 c - a wand of flame (10)
 d - a wand of enslavement (15)
 e - a wand of random effects (15)
Scrolls
 g - a scroll of amnesia {unknown}
 i - a scroll of identify
 l - a scroll of random uselessness
 m - a scroll of enchant armour {unknown}
 n - a scroll of remove curse
 p - a scroll of magic mapping {unknown}
Potions
 h - a potion of agility {unknown}
 o - a potion of degeneration {unknown}
Comestibles
 f - 2 rations


   Skills:
 * Level 2.3 Fighting
 - Level 1.2 Short Blades
 + Level 3.5 Dodging
 - Level 1.1 Stealth
 + Level 3.9 Evocations


You had 4 spell levels left.
You didn't know any spells.

Dungeon Overview and Level Annotations

Branches:
Dungeon (3/15)

Altars:
Ashenzari

Annotations:
D:3 kometa's ghost, amateur SpAs


Innate Abilities, Weirdness & Mutations

You are small and have problems with some larger weapons.
You are somewhat resistant to further mutation.


Message History

Kometa's ghost screams, "Zot is a myth, the ORB is a fable, you'll soon be a tale!"
The orc priest hits you with a hand axe.
You closely miss the orc priest.
The orc priest is moderately wounded.
You barely miss kometa's ghost. The orc misses you.
Kometa's ghost barely misses you.
The orc priest begins to cast a cantrip, but forgets the words!
You barely miss the orc priest.
The orc priest is moderately wounded.
You hit kometa's ghost. Kometa's ghost closely misses you.
The orc priest invokes the aid of Beogh against you.
Pain shoots through your body!
* * * LOW HITPOINT WARNING * * *
Kometa's ghost shouts, "What do you have that I didn't have?"
Kometa's ghost misses you. The orc priest closely misses you.
You see here a ration.
The orc priest invokes the aid of Beogh against you.
Pain shoots through your body!
You die...

#......... #....l...W
..# ..<# ####### #.#
#..# #.....#.##.# #..#
[....#..#.# #..#
....#..#.# #..#
...#..#.######. #..#
...............
#..########.#..#@#
...)...........#.#
...########....#.# ...#
### #....#o# ....
....#).#.#.#
#.#............#o######
..
...........%W........
##
##...#.#...##.#######
### #.#..{o....


You could see an orc priest, kometa's ghost and an orc.

Vanquished Creatures
  An orc wizard (D:2)
  3 adders
  A dart slug (D:3)
  A leopard gecko (D:2)
  An orc (D:3)
  A ball python (D:1)
  4 giant cockroaches (D:2)
  4 goblins
  6 hobgoblins
  7 bats
  5 frilled lizards
  8 kobolds
  6 rats
48 creatures vanquished.

Notes
Turn   | Place    | Note
-------+----------+-------------------------------------------
     0 | D:1      | ImError the Halfling Artificer began the quest for the Orb.
     0 | D:1      | Reached XP level 1. HP: 12/12 MP: 3/3
    68 | D:1      | Reached skill level 1 in Fighting
   261 | D:1      | Reached XP level 2. HP: 14/18 MP: 4/4
  1467 | D:2      | Reached XP level 3. HP: 20/23 MP: 5/5
  1909 | D:2      | Found a shattered altar of Ashenzari.
  1935 | D:2      | Reached XP level 4. HP: 24/29 MP: 6/6
  2699 | D:3      | Reached XP level 5. HP: 34/34 MP: 7/7
  3141 | D:3      | Noticed kometa's ghost (amateur SpAs)
  3218 | D:3      | Killed from afar by an orc priest

Skill      XL: |  1  2  3  4 |
---------------+-------------+-----
Fighting       | 1 2 |  2.3
Dodging        | 3 |  3.5
Short Blades   | |  1.2
Stealth        | |  1.1
Evocations     | |  3.9

Action                   |  1- 3 |  4- 6 || total
-------------------------+-------+-------++-------
Melee: Short sword       |   129 |    79 ||   208
       Hand axe          |       |    34 ||    34
Evoke: Wand              |     2 |     3 ||     5
  Use: Scroll            |     2 |       ||     2
 Stab: Sleeping          |     4 |     2 ||     6
  Eat: Chunk             |     3 |     4 ||     7
Armor: Leather armour    |    27 |    29 ||    56
Dodge: Dodged            |   129 |   103 ||   232
